 Dungeon Crawl Stone Soup version 0.30-a0-305-g026cb31310 (webtiles) character file.

Game seed: 2133075294306328688

1398 billz999 the Gusty (level 8, -4/52 HPs)
             Began as a Vampire Earth Elementalist on Oct 21, 2022.
             Was a Follower of Kikubaaqudgha.
             Slain by a gnoll sergeant
             ... wielding a +0 spear
              (10 damage)
             ... on level 6 of the Dungeon.
             The game lasted 00:13:20 (5220 turns).

billz999 the Gusty (Vampire Earth Elementalist)     Turns: 5220, Time: 00:13:20

Health: -4/52      AC:  3    Str:  7    XL:     8   Next: 41%
Magic:  9/16       EV: 12    Int: 19    God:    Kikubaaqudgha [*.....]
Gold:   382        SH:  5    Dex: 15    Spells: 9/18 levels left

rFire   . . .      SeeInvis +    b - staff of air
rCold   . . .      Faith    .    (no shield)
rNeg    . . .      Spirit   .    k - +0 robe
rPois   .          Reflect  +    (no helmet)
rElec   +          Harm     .    (no cloak)
rCorr   .          Rampage  .    (no gloves)
Will    .....                    x - +0 pair of boots
Stlth   +++.......               G - amulet of reflection
HPRegen 0.48/turn                (no ring)
MPRegen 0.15/turn                (no ring)

@: about to teleport, healing quickly
A: alive, fangs 3, see invisible, vampiric 2
a: Exsanguinate, Renounce Religion, Unearth Wretches


You were on level 6 of the Dungeon.
You worshipped Kikubaaqudgha.
Kikubaaqudgha was aware of your devotion.
You visited 2 branches of the dungeon, and saw 7 of its levels.

You collected 382 gold pieces.

Inventory:

Hand Weapons
 a - a +0 dagger
 e - a +0 short sword
Missiles
 m - 2 boomerangs of dispersal
Armour
 k - a +0 robe (worn)
 t - a scarf of harm
 x - a +0 pair of boots (worn)
Magical Staves
 b - a staff of air (weapon)
Jewellery
 G - an amulet of reflection (around neck)
Wands
 o - a wand of mindburst (3)
 q - a wand of paralysis (8)
Scrolls
 c - 3 scrolls of identify {unknown}
 f - 2 scrolls of silence {unknown}
 g - a scroll of noise {unknown}
 h - a scroll of teleportation
 j - 2 scrolls of poison
 n - a scroll of butterflies {unknown}
 s - 2 scrolls of immolation {unknown}
 v - a scroll of blinking {unknown}
 y - a scroll of vulnerability {unknown}
 A - a scroll of fear {unknown}
 B - 2 scrolls of amnesia {unknown}
 C - a scroll of acquirement {unknown}
 F - a scroll of enchant armour {unknown}
Potions
 d - a potion of magic
 i - a potion of invisibility {unknown}
 l - a potion of haste {unknown}
 r - 2 potions of curing
 u - 2 potions of might {unknown}
 w - a potion of berserk rage {unknown}
 z - a potion of attraction {unknown}
 D - a potion of mutation {unknown}
 E - a potion of brilliance {unknown}


   Skills:
 - Level 2.2 Dodging
 - Level 4.5 Stealth
 + Level 5.7 Spellcasting
 * Level 2.1 Conjurations
 - Level 2.0 Translocations
 - Level 1.9 Transmutations
 + Level 6.7 Air Magic
 - Level 3.0 Earth Magic


You had 9 spell levels left.
You knew the following spells:

 Your Spells              Type           Power      Damage    Failure   Level
a - Sandblast             Erth           34%        2d9       3%          1
b - Vhi's Electric Charg  Tloc/Air       66%        N/A       6%          3
c - Arcjolt               Conj/Air       16%        1d26      45%         5

Your spell library contained the following spells:

 Spells                   Type           Power      Damage    Failure   Level
 Static Discharge         Conj/Air       66%        2-5/arc   2%          2
 Passwall                 Tmut/Erth      12%        N/A       6%          2
 Kiss of Death            Conj/Necr      36%        2d8       8%          1
 Necrotise                Necr           20%        1d5       12%         1
 Stone Arrow              Conj/Erth      30%        3d8       12%         3
 Sublimation of Blood     Necr           5%         N/A       17%         2
 Petrify                  Tmut/Erth      15%        N/A       38%         4
 Lightning Bolt           Conj/Air       16%        1d30      45%         5
 Animate Dead             Necr           5%         N/A       75%         4


Dungeon Overview and Level Annotations

Branches:
Dungeon (6/15)             Temple (1/1) D:4

Altars:
Ashenzari
Cheibriados
Fedhas
Hepliaklqana
Kikubaaqudgha
Okawaru
Qazlal
Ru
Trog
Uskayaw
Vehumet
Wu Jian
Yredelemnul


Innate Abilities, Weirdness & Mutations

Your natural rate of healing is accelerated.
You have razor-sharp teeth.
You have supernaturally acute eyesight. (SInv)
You are afflicted with vampirism and can become a bat while bloodless.


Message History

The gnoll sergeant closely misses you.
Casting: Sandblast (safe; 3% risk of failure)
Confirm with . or Enter, or press ? or * to list all spells.
Aiming: Sandblast (safe; 3% risk of failure)
Press: ? - help, Shift-Dir - straight line, f/p - gnoll sergeant
Aim: a gnoll sergeant, wielding a +0 spear and wearing a +1 scale mail of cold resistance (lightly wounded, 87% to hit)
The blast of sand misses the gnoll sergeant.
The blast of sand hits the gnoll!
You kill the gnoll!
Kikubaaqudgha accepts your kill.
The gnoll sergeant hits you from afar with a +0 spear. x2
Casting: Sandblast (safe; 3% risk of failure)
Confirm with . or Enter, or press ? or * to list all spells.
Aiming: Sandblast (safe; 3% risk of failure)
Press: ? - help, Shift-Dir - straight line, f/p - gnoll sergeant
Aim: a gnoll sergeant, wielding a +0 spear and wearing a +1 scale mail of cold resistance (lightly wounded, 87% to hit)
The blast of sand hits the gnoll sergeant but does no damage.
The gnoll sergeant is lightly wounded.
The gnoll sergeant hits you from afar with a +0 spear!
Casting: Sandblast (safe; 3% risk of failure)
Confirm with . or Enter, or press ? or * to list all spells.
Aiming: Sandblast (safe; 3% risk of failure)
Press: ? - help, Shift-Dir - straight line, f/p - gnoll sergeant
Aim: a gnoll sergeant, wielding a +0 spear and wearing a +1 scale mail of cold resistance (lightly wounded, 87% to hit)
The blast of sand misses the gnoll sergeant.
The blast of sand hits the gnoll!
The gnoll is heavily wounded.
The gnoll sergeant hits you from afar with a +0 spear!
* * * LOW HITPOINT WARNING * * *
The gnoll sergeant hits you from afar with a +0 spear!
* * * LOW HITPOINT WARNING * * *
Unknown command.
It was a potion of curing.
You feel better.
The gnoll sergeant hits you from afar with a +0 spear!
* * * LOW HITPOINT WARNING * * *
As you read the scroll labelled UVEUQA MOTUGAT, it crumbles to dust.
You feel strangely unstable.
It was a scroll of teleportation.
The gnoll sergeant hits you from afar with a +0 spear!
You die...
Kikubaaqudgha rasps: "You have failed me!
Welcome... death!"

........###..........#
..........'○°☼°.○§☼☼§#
.....(..###§☼°☼°.§.☼○#
........# #§§.☼§☼§§§§#
........###§.○.§°§.☼.#
........##§○§°§○§g☼..#
.#########°.§☼..gg.g.#
.# #..§°.§.##.## .#
#§.§...@##.# ##
#.○§☼☼§.##.# #
#○§§°.§☼##5# . ##
#○§§°§☼☼##.# ... .##
##########g###....
..## #gg...... ...##
#..#.###. .>..# #..# #
....# #..#


You could see a gnoll sergeant and 2 gnolls.

Vanquished Creatures
  A sky beast (D:6)
  A black bear (D:5)
  4 ogres
  A centaur (D:4)
  A phantom (D:5)
  A bullfrog (D:6)
  2 scorpions
  Blork the orc (D:4)
  A howler monkey (D:6)
  5 hounds
  2 jellies (D:5)
  2 iguanas
  An orc wizard (D:3)
  2 gnolls
  5 adders
  A shadow imp (D:4)
  A white imp (D:6)
  4 worms
  2 dart slugs
  12 orcs
  6 ball pythons
  6 endoplasms
  3 giant cockroaches
  3 goblins
  5 hobgoblins
  6 kobolds
  2 quokkas (D:5)
  4 bats
  3 frilled lizards
  3 rats (D:1)
91 creatures vanquished.

Notes
Turn   | Place    | Note
-------+----------+-------------------------------------------
     0 | D:1      | billz999 the Vampire Earth Elementalist began the quest for
                  | the Orb.
     0 | D:1      | Reached XP level 1. HP: 13/13 MP: 3/3
   258 | D:1      | Reached XP level 2. HP: 19/19 MP: 1/5
   725 | D:2      | Reached skill level 1 in Air Magic
   825 | D:2      | Gained mutation: You are afflicted with vampirism and can
                  | become a bat while bloodless. [Vampire growth]
   825 | D:2      | Reached XP level 3. HP: 24/24 MP: 4/6
   845 | D:2      | Found an ornate altar of the Wu Jian Council.
  1102 | D:2      | Learned a level 3 spell: Vhi's Electric Charge
  1222 | D:2      | Reached skill level 1 in Translocations
  1222 | D:2      | Reached XP level 4. HP: 30/30 MP: 1/7
  1466 | D:2      | Reached skill level 2 in Air Magic
  2436 | D:4      | Noticed a centaur
  2444 | D:4      | Killed a centaur
  2445 | D:4      | Reached skill level 3 in Air Magic
  2445 | D:4      | Reached XP level 5. HP: 26/35 MP: 3/8
  2605 | D:4      | Reached skill level 4 in Air Magic
  2861 | D:4      | Found a hazy altar of Hepliaklqana.
  2872 | D:4      | Reached XP level 6. HP: 41/41 MP: 3/9
  3085 | D:4      | Noticed Blork the orc
  3101 | D:4      | Killed Blork the orc
  3357 | D:4      | Found a staircase to the Ecumenical Temple.
  3364 | Temple   | Entered the Ecumenical Temple
  3574 | Temple   | Became a worshipper of Kikubaaqudgha
  3693 | D:4      | Reached skill level 5 in Air Magic
  3752 | D:5      | Entered Level 5 of the Dungeon
  3826 | D:5      | Reached XP level 7. HP: 41/46 MP: 5/11
  4229 | D:5      | Reached skill level 6 in Air Magic
  4313 | D:5      | Reached * piety under Kikubaaqudgha
  4313 | D:5      | Received a gift from Kikubaaqudgha
  4323 | D:5      | Reached skill level 5 in Spellcasting
  4323 | D:5      | Reached XP level 8. HP: 47/52 MP: 8/15
  4780 | D:5      | Learned a level 5 spell: Arcjolt
  4816 | D:6      | Reached skill level 1 in Conjurations
  5220 | D:6      | Slain by a gnoll sergeant

Illustrated notes

Levels and vault maps discovered:
D:1:      ebering_trefoil_3fold, layout_rooms, chequers_serial_rivers_marsh
D:2:      layout_loops_ring, basic_altar
D:3:      layout_loops_ring
D:4:      layout_gridville, nicolae_hepliaklqana_hazy_memory, temple_green,
          chequers_serial_rivers_small_3, uniq_blork_the_orc
D:5:      layout_basic, minmay_crossroads
D:6:      layout_basic, minmay_misc_feat_roman, minmay_pentangle, uniq_maggie
Temple:   mainiacjoe_temple_cubbyholes

Skill      XL: |  1  2  3  4  5  6  7  8 |
---------------+-------------------------+-----
Stealth        | 4 |  4.5
Air Magic      | 1 3 4 5 6 |  6.7
Translocations | 1 2 |  2.0
Spellcasting   | 3 5 |  5.7
Conjurations   | 2 |  2.1
Dodging        | |  2.2
Transmutations | |  1.9
Earth Magic    | |  3.0

Action                   |  1- 3 |  4- 6 |  7- 9 || total
-------------------------+-------+-------+-------++-------
Melee: Unarmed           |     2 |       |       ||     2
       Staff             |     1 |     9 |     1 ||    11
       Bite              |       |     1 |       ||     1
       Dagger            |       |     1 |     2 ||     3
 Cast: Sandblast         |    42 |    86 |    82 ||   210
       Vhi's Electric Ch |       |       |     1 ||     1
Evoke: Wand              |       |     7 |     6 ||    13
  Use: Potion            |       |     1 |     2 ||     3
       Scroll            |       |       |     2 ||     2
 Stab: Paralysed         |       |     1 |     2 ||     3
Armor: Robe              |     4 |    14 |     9 ||    27
Dodge: Dodged            |    12 |    66 |    41 ||   119
Block: Other             |       |       |     4 ||     4

Table legend: (Time is in decaauts)
 A = Elapsed time spent in this place.
 B = Non-inter-level travel time spent in this place.
 C = Inter-level travel time spent in this place.
 D = Time resting spent in this place.
 E = Time spent auto-exploring this place.
 F = Levels seen in this place.
 G = Mean time per level.
                   A        B        C        D        E       F      G
               +--------+--------+--------+--------+--------+-----+--------+
         Total |   5321 |   5097 |    224 |      3 |   4382 |   7 |  760.1 |
       Dungeon |   5092 |   4893 |    199 |      3 |   4182 |   6 |  848.7 |
        Temple |    228 |    203 |     25 |      0 |    200 |   1 |  228.0 |
               +--------+--------+--------+--------+--------+-----+--------+

Top non-repeatable levels by time:
     D:4: 1151 daAuts
     D:5: 1040 daAuts
     D:2: 881 daAuts
     D:3: 860 daAuts
     D:1: 727 daAuts
     D:6: 431 daAuts
  Temple: 228 daAuts
